 Dungeon Crawl Stone Soup version 0.30-a0-777-ga9a30cbeda (webtiles) character file.

Game seed: 7680264761772187748

6934 Flugslaktarn the Cleaver (level 11, -4/100 HPs)
             Began as a Hill Orc Fighter on Feb 13, 2023.
             Was a Priest of Cheibriados.
             Killed from afar by a steam dragon (15 damage)
             ... with a ball of steam
             ... on level 9 of the Dungeon.
             The game lasted 00:06:07 (8240 turns).

Flugslaktarn the Cleaver (Hill Orc Fighter)         Turns: 8240, Time: 00:06:08

Health: -4/100     AC:  8    Str: 29    XL:     11   Next: 7%
Magic:  11/11      EV: 12    Int: 15    God:    Cheibriados [***...]
Gold:   682        SH:  0    Dex: 19    Spells: 10/10 levels left

rFire   . . .      SeeInvis .    y - +0 battleaxe
rCold   . . .      Faith    .    (shield currently unavailable)
rNeg    . . .      Spirit   .    b - +0 scale mail
rPois   .          Reflect  +    C - +0 helmet
rElec   .          Harm     .    (no cloak)
rCorr   +          Rampage  .    (no gloves)
Will    +....                    o - +1 pair of boots Stlth
                                 s - amulet of reflection
HPRegen 1.16/turn                v - +5 ring of evasion
MPRegen 0.12/turn                k - ring of resist corrosion

@: held, studying Shields, invisible, very slow
A: deformed body, strong-willed 1, regeneration 1, subdued magic 1
a: Renounce Religion, Bend Time, Temporal Distortion


You were on level 9 of the Dungeon.
You worshipped Cheibriados.
Cheibriados was most pleased with you.
You visited 2 branches of the dungeon, and saw 10 of its levels.
You also visited: Sewer and Bailey.

You collected 682 gold pieces.

Inventory:

Hand Weapons
 a - a +0 war axe
 y - a +0 battleaxe (weapon)
   (You found it on level 5 of the Dungeon)
Armour
 b - a +0 scale mail (worn)
 c - a +0 buckler
 o - a +1 pair of boots (worn)
   (You found it on level 3 of the Dungeon)
 C - a +0 helmet (worn)
   (You found it on level 8 of the Dungeon)
Jewellery
 f - a ring of protection from fire
   (You found it on level 8 of the Dungeon)
 g - the Hermit's Pendant {Faith Invo=14 Evo=0 MP+5}
   (You found it on level 2 of the Dungeon)

   [amulet of faith]

   Invo=14: It sets your Invocations skill to 14.
   Evo=0: It sets your Evocations skill to 0.
   It allows you to gain divine favour quickly.
   MP:        It affects your magic capacity (+5).
 k - a ring of resist corrosion (right hand)
   (You found it on level 1 of the Dungeon)
 m - a ring of willpower
   (You found it on level 6 of the Dungeon)
 s - an amulet of reflection (around neck)
   (You found it on level 3 of the Dungeon)
 u - an amulet of regeneration
   (You found it on level 8 of the Dungeon)
 v - a +5 ring of evasion (left hand)
   (You found it on level 2 of the Dungeon)
 A - a ring of flight
   (You found it on level 4 of the Dungeon)
 B - a +6 ring of dexterity
   (You found it on level 8 of the Dungeon)
Wands
 n - a wand of charming (11)
   (You found it on level 3 of the Dungeon)
Scrolls
 e - a scroll of vulnerability
 h - a scroll of poison
 i - a scroll of fear
 l - a scroll of magic mapping
 r - 2 scrolls of identify
 t - 2 scrolls of teleportation
 z - 6 scrolls of blinking
Potions
 d - a potion of might
 j - 2 potions of attraction
 p - 2 potions of lignification
 q - 3 potions of curing
 w - a potion of mutation
 x - 2 potions of magic


   Skills:
 + Level 10.2 Fighting
 * Level 14.6 Axes
 - Level 6.7 Armour
 + Level 4.6 Dodging
 - Level 3.2 Shields
 - Level 5.0 Evocations


You had 10 spell levels left.
You didn't know any spells.
Your spell library was empty.

Dungeon Overview and Level Annotations

Branches:
Dungeon (9/15)             Temple (1/1) D:5            Lair (0/5) D:9
  Sewer (visited)          Bailey (visited)
    Orc: D:9-12

Altars:
Ashenzari
Cheibriados
Dithmenos
Elyvilon
Fedhas
Gozag
Hepliaklqana
Kikubaaqudgha
Makhleb
Nemelex Xobeh
Okawaru
Qazlal
Ru
Sif Muna
Trog
Uskayaw
Vehumet
Wu Jian
Xom
Yredelemnul
Zin
The Shining One

Annotations:
D:4 1 runed translucent door, caveywoolpert's ghost, amateur DsEE
D:7 1 runed translucent door, clease's ghost, novice DrTm
D:9 Harold


Innate Abilities, Weirdness & Mutations

Armour fits poorly on your strangely shaped body.
You are strong-willed. (Will+)
Your natural rate of healing is unusually fast.
Your spells are a little easier to cast, but a little less powerful.


Message History

You closely miss the orc priest.
The orc wizard shouts!
The orc priest threatens, "By the altar or by the axe, you will meet Beogh!"
An orc priest comes into view. It is wielding a +0 hand axe.
The orc priest calls down the wrath of Beogh upon you.
Beogh smites you!
The orc priest threatens, "By the altar or by the axe, you will meet Beogh!"
You hit the warg.
The warg is lightly wounded.
You slash the orc priest!
The orc priest shouts, "Surrender to Beogh and we'll let you live!"
The orc priest threatens, "By the altar or by the axe, you will meet Beogh!"
You hit the centaur.
The orc priest shouts, "Join the one true god or die!"
The warg closely misses you.
The centaur unwields a +0 shortbow.
The centaur closely misses you. The centaur barely misses you.
The orc wizard gestures wildly while chanting.
The orc wizard flickers and vanishes!
Deactivating autopickup; reactivate with Ctrl-A.
The orc priest calls down the wrath of Beogh upon you.
You easily resist.
You hit the orc priest but do no damage.
The orc priest is severely wounded.
You slash the centaur! You hit the warg but do no damage.
The orc priest shouts, "Join the one true god or die!"
You block the warg's attack. The centaur misses you.
The centaur closely misses you.
Harold the Weathered comes into view.
He is wielding a +0 trident.
You block the orc's attack. The warg closely misses you.
You barely miss the centaur.
The centaur is severely wounded.
Harold shouts!
You slash the orc priest!
You kill the orc priest!
Cheibriados appreciates the change of pace.
You miss the warg. The centaur hits you. The centaur barely misses you.
The centaur hits you.
The centaur kicks you but does no damage.
You block the warg's attack.
The orc priest calls down the wrath of Beogh upon you.
Beogh smites you! The orc barely misses you.
You barely miss the orc. You closely miss the centaur. You slash the warg!
You miss the warg. The centaur hits you. The centaur closely misses you.
The warg bites you! The warg misses you. You block the orc's attack. x2
The orc priest looks satisfied for a moment.
You slash the centaur!
You kill the centaur!
Cheibriados thoroughly appreciates the change of pace.
You slash the warg! You hit the warg but do no damage.
You hit the orc but do no damage. The warg closely misses you.
You block the warg's attack. The orc hits you but does no damage.
The orc completely misses you.
You slice the warg!!
You kill the warg!
Cheibriados thoroughly appreciates the change of pace.
You barely miss the orc. You barely miss the warg. You hit the warg.
The warg barely misses you. The warg bites you! You block the orc's attack.
The warg barely misses you.
You closely miss the warg.
The warg is moderately wounded.
You closely miss something. You hit the warg but do no damage.
You block the warg's attack. The warg misses you. The orc barely misses you.
The warg closely misses you.
You completely miss the warg.
The warg is moderately wounded.
You slash something!
The orc priest shouts, "Beogh is our master!
Accept the truth or die!"
You slash the warg! The warg bites you. The warg completely misses you.
Harold misses you.
The orc hits you from afar with a +0 trident.
You closely miss the warg.
The warg is moderately wounded.
You slash the orc!
You kill the orc!
Cheibriados thoroughly appreciates the change of pace.
You hit the warg but do no damage. You slice something!!
Cheibriados thoroughly appreciates the change of pace.
Cheibriados raises the support of your attributes as your movement slows.
Reactivating autopickup.
You feel a bit more experienced. The warg closely misses you.
The warg misses you.
The orc hits you from afar with a +0 trident.
Harold throws a throwing net.
The throwing net hits you.
You become entangled in the net!
You struggle against the net.
The warg barely misses you. The warg bites you. The warg closely misses you.
The orc hits you from afar with a +0 trident.
Harold hits you from afar with a +0 trident!
* * * LOW HITPOINT WARNING * * *
The orc priest completely misses you.
You are too injured to fight recklessly!
You fade into invisibility!
The warg bites you!
* * * LOW HITPOINT WARNING * * *
The warg closely misses you. The warg bites you.
* * * LOW HITPOINT WARNING * * *
The orc closely misses you. The steam dragon breathes steam at you.
The ball of steam hits the warg!!
The ball of steam hits you!
You die...

###,,,,,,,,,...,,,,,,*,*
******+*#.....>.....,*
*,,,..........#**
**#########......P..*
*,.........#.......#*****
##..........#.......#,,,,*
............##Do...#*,,,,*
##..........###hoh###...,*
#*!...........##@)@.....,*
*............#.?.......,*
*......................,*
*............##...)....,*
*............##########**
*#######.##### ##### #...#
#...###'#### ...........#


You could see Harold (unable to see you), 2 wargs, a steam dragon (unable to see
you, catching breath), an orc priest (unable to see you) and an orc (unable to
see you).

Vanquished Creatures
  A boulder beetle (D:7)
  A two-headed ogre (D:9)
  Pikel (D:7)
  An orc knight (Bailey)
  A deep elf zephyrmancer (Bailey)
  Grinder (D:3)
  A hornet (D:8)
  2 wyverns (D:7)
  A steam dragon (D:9)
  A vampire mosquito (D:7)
  A warg (D:9)
  A water moccasin (D:8)
  A sky beast (D:8)
  Pargi (Sewer)
  2 black bears
  8 orc warriors
  An ogre (D:6)
  3 centaurs
  2 phantoms
  2 lemures (D:7)
  2 kobold brigands
  Blork the orc (D:6)
  2 necrophages
  3 scorpions
  A bullfrog (D:9)
  3 wights (D:9)
  6 killer bees (D:8)
  A howler monkey (D:5)
  4 hounds
  A jelly (D:6)
  7 orc priests
  A gnoll bouda (D:6)
  2 iguanas
  3 orc wizards
  7 gnolls
  7 adders
  A shadow imp (D:7)
  2 white imps
  5 dart slugs
  22 orcs
  3 bats
  5 endoplasms
  8 giant cockroaches
  8 goblins
  4 hobgoblins
  3 jackals (D:1)
  13 kobolds
  3 quokkas
  10 ball pythons
  6 frilled lizards
  11 rats
188 creatures vanquished.

Vanquished Creatures (others)
  3 plants (D:7)
  2 withered plants (D:7)
5 creatures vanquished.

Grand Total: 193 creatures vanquished

Notes
Turn   | Place    | Note
-------+----------+-------------------------------------------
     0 | D:1      | Flugslaktarn the Hill Orc Fighter began the quest for the
                  | Orb.
     0 | D:1      | Reached XP level 1. HP: 19/19 MP: 1/1
    32 | D:1      | Reached skill level 3 in Axes
    42 | D:1      | Reached XP level 2. HP: 20/27 MP: 2/2
   251 | D:1      | Reached XP level 3. HP: 27/33 MP: 3/3
   452 | D:1      | Reached skill level 4 in Axes
   682 | D:2      | Found the Hermit's Pendant {Faith Invo=14 Evo=0 MP+5}
  1042 | D:2      | Reached XP level 4. HP: 40/40 MP: 4/4
  1409 | D:3      | Noticed Grinder
  1452 | D:3      | Found a faded altar of an unknown god.
  1454 | D:3      | Killed Grinder
  1455 | D:3      | Reached skill level 5 in Fighting
  1455 | D:3      | Reached skill level 6 in Axes
  1455 | D:3      | Reached XP level 5. HP: 16/48 MP: 5/5
  1455 | D:3      | Reached XP level 6. HP: 19/56 MP: 6/6
  1641 | D:3      | Found a glowing drain.
  1665 | Sewer    | Entered a sewer
  1677 | Sewer    | Noticed Pargi
  1687 | Sewer    | Killed Pargi
  1805 | D:3      | Identified the +6 falchion of the Dungeon {drain, rN++}
  1919 | D:3      | Found a bloodstained altar of Trog.
  1982 | D:3      | Reached skill level 7 in Axes
  1982 | D:3      | Reached skill level 5 in Armour
  1982 | D:3      | Reached XP level 7. HP: 30/61 MP: 7/7
  2317 | D:3      | Gained mutation: You are strong-willed. (Will+) [potion of
                  | mutation]
  2317 | D:3      | Gained mutation: Armour fits poorly on your strangely
                  | shaped body. [potion of mutation]
  2317 | D:3      | Gained mutation: Your spells are a little easier to cast,
                  | but a little less powerful. [potion of mutation]
  2317 | D:3      | Gained mutation: Your natural rate of healing is unusually
                  | fast. [potion of mutation]
  2384 | D:4      | Found a glowing silver altar of Zin.
  2687 | D:4      | Found a runed translucent door.
  2687 | D:4      | Noticed caveywoolpert's ghost (amateur DsEE)
  2869 | D:5      | Entered Level 5 of the Dungeon
  2990 | D:5      | Reached skill level 8 in Axes
  2990 | D:5      | Reached skill level 1 in Evocations
  3115 | D:5      | Reached XP level 8. HP: 67/70 MP: 8/8
  3176 | D:5      | Found a staircase to the Ecumenical Temple.
  3202 | Temple   | Entered the Ecumenical Temple
  3430 | Temple   | Became a worshipper of Cheibriados the Contemplative
  3708 | D:5      | Identified the +0 ring mail of Tout {Str+3}
  3995 | D:6      | Reached skill level 9 in Axes
  4242 | D:6      | Reached * piety under Cheibriados
  4348 | D:6      | Noticed Blork the orc
  4361 | D:6      | Killed Blork the orc
  5326 | D:7      | Reached skill level 10 in Axes
  5326 | D:7      | Reached XP level 9. HP: 68/79 MP: 9/9
  5463 | D:7      | Noticed Pikel
  5474 | D:7      | Killed Pikel
  5475 | D:7      | Reached skill level 1 in Dodging
  5683 | D:7      | Found a runed translucent door.
  5684 | D:7      | Noticed clease's ghost (novice DrTm)
  5750 | D:7      | Noticed a boulder beetle
  5763 | D:7      | Reached skill level 11 in Axes
  5805 | D:7      | Killed a boulder beetle
  5952 | D:7      | Reached skill level 12 in Axes
  5952 | D:7      | Reached XP level 10. HP: 90/90 MP: 10/10
  6200 | D:7      | Reached skill level 5 in Evocations
  6566 | D:8      | Reached ** piety under Cheibriados
  6633 | D:8      | Found a blossoming altar of Fedhas.
  6665 | D:8      | Paralysed by a hornet for 2 turns
  7551 | D:9      | Reached skill level 13 in Axes
  7609 | D:9      | Noticed a two-headed ogre
  7616 | D:9      | Killed a two-headed ogre
  7622 | D:9      | Found a flagged portal.
  7664 | Bailey   | Entered a bailey
  7744 | Bailey   | Reached *** piety under Cheibriados
  7750 | Bailey   | HP: 4/92 [orc warrior/+0 glaive (18)]
  7760 | Bailey   | Noticed an orc knight
  7835 | Bailey   | Killed an orc knight
  7836 | Bailey   | Reached skill level 14 in Axes
  7933 | Bailey   | Found a large runed translucent door.
  7933 | Bailey   | Found a large runed translucent door.
  7934 | Bailey   | Noticed a deep elf zephyrmancer
  7936 | Bailey   | Found the +6 lightning scales {swift, rElec}
  8019 | Bailey   | Killed a deep elf zephyrmancer
  8020 | Bailey   | Reached skill level 10 in Fighting
  8020 | Bailey   | Reached XP level 11. HP: 37/99 MP: 11/11
  8027 | Bailey   | Identified the +3 leather armour of Cachuadat {rElec rC+
                  | Will+}
  8028 | Bailey   | Identified the +1 chain mail of Poor Excuses {Rampage rPois
                  | rN+ Str-4}
  8190 | D:9      | Found an ancient bone altar of Kikubaaqudgha.
  8228 | D:9      | Found a staircase to the Lair.
  8231 | D:9      | Noticed Harold
  8240 | D:9      | Killed from afar by a steam dragon

Illustrated notes

Levels and vault maps discovered:
D:1:      ncdulo_lavacross, layout_basic
D:2:      layout_basic
D:3:      layout_basic, bloody_trog, portal_sewer_entry_a,
          shapermc_ecumenical_altar_acropolis,
          nicolae_concentric_dashed_squares_wild, minmay_liquid_box,
          grunt_ministairs_3, uniq_grinder
D:4:      layout_cave_pools, mainiacjoe_overflow_catwalk, gammafunk_ghost_grave
D:5:      layout_gridville, minmay_temple_entry_tees
D:6:      layout_layer_cave, uniq_blork_the_orc
D:7:      nzn_winding_woodlands_small [nzn_winding_woodlands_5x15_jagged,
          nzn_winding_woodlands_center_diamonds,
          nzn_winding_woodlands_5x15_lazy_stream], layout_basic,
          gammafunk_ghost_grave, uniq_pikel
D:8:      layout_loops_cross, fedhas_ov_isle_minmay, kennysheep_another_room
D:9:      layout_roguey, general_overflow_altar, erik_lair_orcish_takeover,
          serial_rivers, chequers_serial_rivers_small_3,
          chequers_serial_rivers_marsh, chequers_serial_rivers_small_a,
          chequers_serial_rivers_small_a, chequers_serial_rivers_marsh,
          enter_bailey_2, uniq_harold
Temple:   mainiacjoe_temple_bowtie_tessellation

Skill      XL: |  1  2  3  4  5  6  7  8  9 10 |
---------------+-------------------------------+-----
Axes           | 3 4 6 7 8 10 12 14 | 14.6
Fighting       | 4 5 6 7 8 10 | 10.2
Armour         | 4 5 6 |  6.7
Evocations     | 1 3 4 5 |  5.0
Dodging        | 2 4 |  4.6
Shields        | |  3.2

Action                     |  1- 3 |  4- 6 |  7- 9 | 10-12 || total
---------------------------+-------+-------+-------+-------++-------
  Melee: War axe           |    86 |    81 |   128 |       ||   295
         Battleaxe         |       |       |   140 |   169 ||   309
  Evoke: Wand              |       |       |     1 |     1 ||     2
    Use: Potion            |       |     3 |     5 |     7 ||    15
         Scroll            |       |       |     9 |     8 ||    17
 Armour: Scale mail        |    29 |    24 |    64 |    34 ||   151
  Dodge: Dodged            |    50 |    79 |   179 |   147 ||   455
  Block: Buckler           |    23 |    15 |    53 |       ||    91
         Reflection        |       |       |     2 |     3 ||     5
         Other             |       |       |    29 |    41 ||    70

Table legend: (Time is in decaauts)
 A = Elapsed time spent in this place.
 B = Non-inter-level travel time spent in this place.
 C = Inter-level travel time spent in this place.
 D = Time resting spent in this place.
 E = Time spent auto-exploring this place.
 F = Levels seen in this place.
 G = Mean time per level.
                   A        B        C        D        E       F      G
               +--------+--------+--------+--------+--------+-----+--------+
         Total |   9920 |   9504 |    416 |    477 |   7367 |  12 |  826.7 |
       Dungeon |   8936 |   8579 |    357 |    371 |   6836 |   9 |  992.9 |
        Temple |    260 |    202 |     58 |      0 |    187 |   1 |  260.0 |
         Sewer |    138 |    138 |      0 |      0 |     87 |   1 |  138.0 |
        Bailey |    585 |    585 |      0 |    106 |    255 |   1 |  585.0 |
               +--------+--------+--------+--------+--------+-----+--------+

Top non-repeatable levels by time:
     D:7: 1726 daAuts
     D:6: 1660 daAuts
     D:8: 1362 daAuts
     D:5: 1009 daAuts
     D:3: 838 daAuts
     D:2: 756 daAuts
     D:1: 701 daAuts
  Bailey: 585 daAuts
     D:4: 494 daAuts
     D:9: 387 daAuts
  Temple: 260 daAuts
   Sewer: 138 daAuts
